Map: 썬더버드 - 래더

Players

soO - Winner!

  • Race: Zerg Zerg
  • League: Master
  • Spawn Location: 11:00

Bunny

  • Race: Terran Terran
  • Spawn Location: 5:00

Event: HomeStory Cup XX

VOD

Have the link to the VOD?

Description

Time

  • Played on: Nov. 22, 2019, 6:53 a.m.
  • Length: 22:03

All games in this series

Show
View Real Time Build Order
Export as new Build Order

soO Zerg - Winner!

Build Orders: Hatch First 

Get SALT Encoding   

  12  0:00  Drone  
  13  0:12  Overlord  
  13  0:17  Drone  
  14  0:30  Drone  
  14  0:31  Drone  
  16  0:47  Hatchery  
  15  0:51  Drone  
  15  0:54  Drone  
  17  0:57  Drone  
  18  1:08  Extractor  
  17  1:12  Spawning Pool  
  17  1:16  Drone  
  17  1:19  Drone  
  18  1:27  Drone  
  19  1:38  Drone  
  20  1:49  Overlord  
  20  1:59  Queen x2  
  20  2:00  Zergling x4  
  26  2:17  Hatchery  
  26  2:22  Drone  
  26  2:23  Drone  
  27  2:34  Metabolic Boost  
  27  2:35  Drone  
  27  2:37  Drone  
  27  2:38  Drone  
  29  2:46  Queen  
  29  2:49  Drone  
  32  2:53  Overlord  
  32  2:57  Drone  
  33  2:59  Drone  
  33  3:03  Drone  
  35  3:12  Drone x2  
  37  3:13  Drone x2  
  37  3:15  Drone  
  37  3:16  Overlord  
  40  3:22  Queen  
  40  3:25  Drone  
  43  3:34  Queen, Drone x2  
  44  3:35  Drone  
  44  3:40  Drone  
  49  3:46  Roach Warren  
  49  3:48  Drone x2  
  49  3:49  Drone x2  
  49  3:52  Drone  
  49  3:54  Extractor, Drone  
  53  3:57  Extractor  
  53  3:59  Drone  
  53  4:01  Zergling x6  
  56  4:11  Overlord  
  56  4:16  Overlord  
  56  4:22  Overlord  
  56  4:26  Overlord  
  56  4:33  Roach x4  
  56  4:36  Roach x4  
  72  4:39  Overlord  
  72  4:44  Roach x2  
  75  5:07  Zergling x20  
  75  5:12  Zergling x10  
  87  5:20  Ravager x2  
  87  5:21  Ravager  
  90  5:22  Spore Crawler, Ravager  
  90  5:23  Zergling x2, Ravager  
  90  5:24  Zergling x6  
  95  5:29  Zergling x2  
  95  5:30  Ravager  
  95  5:32  Overlord  
  95  5:33  Overlord  
  97  5:39  Overlord  
  96  5:51  Zergling x4, Roach x2  
  96  5:54  Drone  
  100  5:57  Drone  
  100  6:00  Drone x2  
  100  6:01  Drone  
  100  6:03  Drone  
  96  6:05  Drone  
  96  6:07  Drone  
  96  6:10  Drone  
  77  6:12  Drone  
  77  6:13  Drone x2  
  77  6:14  Drone x2  
  77  6:16  Drone  
  77  6:17  Drone  
  81  6:18  Drone x2  
  81  6:19  Lair  
  81  6:20  Queen, Drone  
  81  6:21  Spore Crawler  
  81  6:22  Spore Crawler  
  83  6:27  Drone x2  
  84  6:35  Drone  
  84  6:36  Drone x4  
  89  6:52  Drone x2  
  88  6:55  Zergling x2, Roach x3  
  88  6:56  Zergling x2  
  88  6:59  Drone x3  
  95  7:01  Drone  
  95  7:06  Drone x2  
  95  7:08  Extractor x2, Drone x2  
  94  7:09  Hatchery  
  92  7:19  Drone x4  
  92  7:20  Extractor, Spire  
  92  7:22  Glial Reconstitution, Roach x7  
  108  7:26  Evolution Chamber  
  108  7:28  Evolution Chamber  
  106  7:38  Overlord  
  106  7:39  Overlord  
  106  7:41  Overlord  
  106  7:43  Overlord  
  106  7:47  Overlord  
  106  7:52  Zerg Missile Weapons Level 1  
  106  7:53  Zerg Ground Armor Level 1  
  106  7:55  Queen  
  108  8:08  Drone x5  
  113  8:17  Extractor  
  113  8:18  Overlord  
  108  8:21  Extractor  
  108  8:23  Queen  
  108  8:24  Drone x2  
  105  8:28  Drone x2  
  105  8:29  Drone x2  
  105  8:30  Drone  
  105  8:32  Baneling Nest  
  109  8:34  Corruptor x9  
  121  8:42  Corruptor x2  
  121  8:46  Queen x2  
  125  8:54  Drone x6  
  124  8:59  Drone x7  
  129  9:07  Drone  
  129  9:08  Drone x2  
  132  9:11  Drone x2  
  134  9:23  Centrifical Hooks  
  132  9:28  Roach x7  
  132  9:29  Infestation Pit  
  132  9:30  Queen  
  147  9:48  Roach x2  
  147  9:49  Overlord  
  147  9:50  Hatchery, Overlord  
  148  9:52  Overlord  
  148  9:55  Overlord  
  146  10:01  Overlord  
  146  10:04  Roach x3  
  146  10:06  Overlord  
  146  10:07  Hive  
  150  10:08  Zerg Melee Weapons Level 1, Zerg Missile Weapons Level 2  
  150  10:10  Evolution Chamber  
  150  10:12  Corruptor x4  
  155  10:16  Corruptor x2  
  155  10:24  Ravager x2  
  155  10:25  Ravager  
  155  10:27  Corruptor x2  
  162  10:28  Zergling x2  
  162  10:29  Zergling x16  
  171  10:37  Zerg Ground Armor Level 2  
  171  10:40  Extractor  
  171  10:41  Extractor  
  169  10:43  Zergling x14  
  176  10:51  Ravager  
  176  10:52  Baneling  
  176  10:53  Baneling x14, Ravager  
  178  11:04  Drone  
  179  11:13  Ravager  
  179  11:14  Zergling x28, Ravager  
  190  11:27  Drone, Spine Crawler  
  190  11:30  Adrenal Glands  
  190  11:31  Spine Crawler  
  189  11:35  Hatchery  
  189  11:36  Hatchery  
  189  11:37  Corruptor, Drone  
  184  11:45  Zerg Flyer Weapons Level 1, Overseer  
  184  11:51  Ultralisk Cavern  
  184  11:53  Baneling x17  
  183  11:56  Viper x2  
  189  12:01  Drone x2  
  189  12:05  Baneling x9  
  189  12:06  Zergling x16  
  178  12:20  Zergling x22  
  178  12:22  Ravager x4  
  180  12:25  Zerg Melee Weapons Level 2  
  180  12:32  Baneling x4  
  180  12:37  Zerg Missile Weapons Level 3  
  177  12:44  Drone x2  
  177  12:49  Chitinous Plating  
  177  12:51  Zergling x26  
  189  12:53  Baneling x13  
  192  13:12  Zergling x16  
  200  13:14  Baneling  
  200  13:15  Baneling x13  
  200  13:16  Baneling x3  
  200  13:32  Baneling x4  
  200  13:33  Baneling x2  
  198  13:35  Zergling x4  
  198  13:39  Hatchery  
  158  13:49  Corruptor x4  
  158  13:55  Zergling x34  
  167  13:56  Zergling x10  
  167  14:02  Corruptor x4  
  177  14:06  Zergling x24  
  177  14:09  Greater Spire  
  182  14:19  Zerg Ground Armor Level 3  
  182  14:21  Roach x7  
  195  14:38  Baneling x16  
  193  15:03  Zerg Melee Weapons Level 3, Drone  
  193  15:07  Spine Crawler  
  193  15:08  Drone x2, Spine Crawler  
  193  15:10  Drone x2  
  193  15:12  Baneling x3  
  193  15:13  Baneling x7  
  195  15:16  Anabolic Synthesis  
  195  15:21  Burrow  
  195  15:25  Drone x2  
  197  15:29  Spine Crawler  
  197  15:30  Spine Crawler  
  190  15:44  Spine Crawler  
  190  15:45  Spine Crawler x2  
  190  15:47  Zerg Flyer Weapons Level 2  
  187  15:50  Brood Lord x6  
  187  15:56  Drone  
  200  16:03  Baneling  
  200  16:04  Baneling x5  
  199  16:19  Extractor  
  199  16:21  Extractor  
  187  16:34  Spine Crawler  
  155  16:44  Corruptor x5  
  155  16:45  Corruptor  
  145  16:51  Zergling x12, Roach x11  
  162  16:57  Queen  
  164  17:02  Drone  
  164  17:05  Zergling x28  
  179  17:18  Ravager x2  
  179  17:19  Ravager x2  
  179  17:21  Drone  
  161  17:53  Roach x3  
  161  17:54  Zergling x24, Roach  
  161  17:56  Queen x3  
  187  18:01  Drone x2  
  189  18:07  Baneling x6  
  189  18:08  Baneling x3, Ravager x2  
  189  18:09  Ravager x2  
  191  18:18  Baneling x10  
  191  18:19  Baneling x6  
  191  18:20  Baneling x8  
  191  18:21  Zergling x18  
  200  18:27  Zerg Flyer Weapons Level 3  
  200  18:38  Hatchery  
  150  18:50  Zergling x2  
  150  18:51  Zergling x32  
  148  19:02  Zergling x36  
  159  19:19  Baneling x13  
  159  19:20  Baneling x6  
  159  19:29  Drone  
  159  19:31  Viper  
  163  19:47  Baneling  
  163  19:48  Baneling x14  
  163  19:51  Spine Crawler  
  162  19:53  Hatchery, Spine Crawler x2  
  162  19:55  Corruptor x3  
  162  19:56  Corruptor x2  
  168  20:02  Drone x2  
  168  20:06  Baneling x5  
  170  20:10  Ravager  
  170  20:11  Baneling x6  
  120  20:36  Roach x7  
  120  20:40  Brood Lord x9  
  120  20:42  Drone  
  153  20:52  Zergling x16, Roach x7  
  153  20:53  Zergling x12  
  181  21:06  Ravager x2  
  181  21:07  Ravager x2  
  181  21:08  Zergling x20  
  195  21:11  Drone  
  195  21:13  Drone  
  196  21:37  Baneling x11  
  196  21:42  Baneling x6  
  196  21:45  Baneling  
  196  21:46  Baneling x4  
Show
View Real Time Build Order
Export as new Build Order

Bunny Terran 

Build Orders: Hellion Opening, Reaper Expand, Mech 

Get SALT Encoding   

  12  0:00  SCV  
  13  0:12  SCV  
  14  0:16  Supply Depot  
  14  0:24  SCV  
  15  0:38  SCV  
  15  0:39  Barracks  
  16  0:43  Refinery  
  16  0:50  SCV  
  17  1:02  SCV  
  18  1:14  SCV  
  19  1:26  Reaper  
  19  1:27  Orbital Command  
  20  1:40  Command Center  
  20  1:51  Supply Depot  
  20  1:52  SCV  
  21  1:58  Marine  
  22  2:04  SCV  
  22  2:08  Factory  
  23  2:16  SCV  
  23  2:21  Barracks Reactor  
  24  2:28  SCV  
  25  2:40  SCV  
  25  2:42  Command Center  
  26  2:52  Orbital Command, SCV  
  27  3:01  Starport  
  27  3:05  Hellion  
  29  3:09  Hellion  
  31  3:13  Refinery  
  31  3:15  SCV  
  31  3:18  SCV  
  33  3:26  Hellion  
  35  3:28  SCV  
  35  3:30  Hellion, SCV  
  39  3:40  SCV  
  40  3:43  SCV  
  40  3:47  Fusion Core  
  41  3:51  Hellion  
  41  3:52  Hellion  
  41  3:53  Marine  
  41  3:55  Orbital Command  
  46  3:57  SCV  
  46  3:59  SCV  
  48  4:06  Starport Tech Lab  
  48  4:08  Supply Depot  
  48  4:09  SCV  
  49  4:11  SCV  
  50  4:21  Hellion x2  
  50  4:22  SCV  
  50  4:23  SCV  
  56  4:24  SCV  
  57  4:34  SCV  
  57  4:35  SCV  
  57  4:38  Refinery x2  
  58  4:39  Supply Depot, Orbital Command  
  58  4:46  Battlecruiser  
  58  4:47  Hellion  
  58  4:48  SCV x2  
  68  4:55  Hellion  
  68  5:00  SCV x2  
  68  5:06  SCV  
  70  5:12  SCV x2  
  70  5:18  Weapon Refit, SCV  
  70  5:19  Supply Depot  
  71  5:24  SCV x2  
  71  5:26  Refinery  
  71  5:27  Hellion x2  
  77  5:28  Supply Depot  
  77  5:33  Supply Depot  
  77  5:39  Refinery  
  77  5:40  SCV x3  
  77  5:41  Supply Depot  
  78  5:50  Battlecruiser  
  78  5:53  SCV  
  78  5:55  SCV  
  78  5:57  Supply Depot x2  
  78  6:02  Hellion x2  
  69  6:13  SCV x2  
  69  6:14  SCV  
  72  6:25  SCV  
  72  6:26  SCV x2  
  72  6:31  Barracks Tech Lab  
  75  6:34  Factory x2  
  75  6:38  SCV x2  
  75  6:39  Supply Depot  
  77  6:49  SCV  
  76  6:56  Hellion, Supply Depot  
  76  6:57  Supply Depot  
  76  6:58  SCV  
  76  7:00  SCV  
  80  7:01  SCV  
  80  7:04  Supply Depot  
  80  7:10  SCV  
  80  7:12  Command Center, SCV  
  80  7:13  SCV  
  80  7:15  Armory  
  83  7:19  Armory  
  88  7:22  SCV, Battlecruiser  
  88  7:25  Factory Tech Lab  
  88  7:26  SCV x2  
  90  7:30  Engineering Bay  
  90  7:35  SCV  
  91  7:38  SCV x2  
  91  7:42  Supply Depot, Siege Tank  
  96  7:46  Siege Tank  
  96  7:48  SCV  
  96  7:50  SCV  
  101  7:51  Supply Depot  
  101  7:55  SCV  
  102  8:00  SCV  
  102  8:02  SCV  
  102  8:03  Terran Vehicle Weapons Level 1  
  108  8:06  Infernal Pre-Igniter  
  108  8:07  Terran Vehicle And Ship Armor Level 1, SCV  
  108  8:09  Factory  
  108  8:12  Supply Depot  
  105  8:13  Factory  
  105  8:14  SCV x2  
  105  8:18  Siege Tank  
  105  8:19  SCV  
  111  8:20  Missile Turret  
  111  8:22  Siege Tank  
  114  8:27  SCV x2  
  114  8:31  Hellion x2, SCV  
  121  8:41  Battlecruiser  
  127  8:46  SCV x3  
  130  8:52  Hellion, Siege Tank  
  130  8:53  Hellion  
  130  8:54  Siege Tank  
  140  9:00  Factory Tech Lab, Factory Reactor  
  140  9:08  Planetary Fortress  
  140  9:09  SCV  
  135  9:10  SCV x2  
  135  9:12  Refinery  
  135  9:14  Missile Turret x2  
  135  9:15  Missile Turret  
  135  9:16  Refinery, Hellion, Missile Turret  
  139  9:23  Missile Turret  
  139  9:25  Missile Turret x2  
  139  9:34  Cyclone x3  
  139  9:35  Mag-Field Accelerator  
  148  9:42  Missile Turret  
  148  9:45  Missile Turret  
  148  9:50  Battlecruiser  
  148  10:00  Hellion x3  
  148  10:16  Supply Depot x2  
  148  10:18  Supply Depot x2  
  148  10:19  Hellion, Siege Tank x2  
  148  10:20  Terran Vehicle Weapons Level 2  
  148  10:21  Command Center  
  156  10:33  Terran Vehicle And Ship Armor Level 2  
  156  10:34  Command Center  
  156  10:38  Siege Tank  
  159  10:47  Hellion, Hellbat x2  
  161  10:51  Siege Tank  
  161  10:56  Thor  
  170  11:04  Sensor Tower  
  170  11:09  Factory  
  170  11:10  Factory  
  170  11:13  Hellion x4  
  170  11:15  Factory  
  170  11:16  Siege Tank  
  181  11:23  Siege Tank  
  184  11:28  Starport Reactor  
  184  11:34  Hellion x4  
  190  11:41  Siege Tank  
  191  11:48  Orbital Command, Siege Tank  
  191  11:51  Command Center  
  194  11:55  Hellion  
  194  11:56  Hellion x2  
  194  11:57  Factory Tech Lab, Sensor Tower  
  200  12:09  Hellion x14  
  172  12:17  Siege Tank x4  
  172  12:19  Factory Reactor  
  172  12:20  Hellion x4  
  172  12:21  Hellion  
  176  12:27  Planetary Fortress  
  176  12:33  SCV  
  176  12:34  SCV x2  
  179  12:42  Siege Tank  
  176  12:46  SCV x2  
  176  12:47  Refinery, SCV x3  
  176  12:49  Refinery, Siege Tank  
  176  12:51  Terran Vehicle Weapons Level 3  
  184  12:54  Siege Tank  
  187  13:01  Siege Tank  
  187  13:04  Siege Tank  
  191  13:11  Sensor Tower  
  189  13:14  Siege Tank  
  189  13:16  Hellion x2  
  189  13:17  Hellion x2  
  200  13:29  Advanced Ballistics  
  200  13:31  Starport, Sensor Tower  
  200  13:38  Missile Turret  
  195  13:41  Siege Tank  
  195  13:44  Siege Tank x2  
  195  13:45  Hellion x4  
  195  13:47  Hellion x3  
  153  13:50  Siege Tank  
  127  14:04  Viking x2  
  127  14:06  Hellion x2  
  127  14:08  Siege Tank  
  132  14:11  Hellion  
  132  14:12  Hellion x3  
  132  14:13  Starport Reactor, Siege Tank  
  132  14:16  Hellion, Siege Tank, SCV  
  140  14:25  Hellion x7  
  140  14:26  Thor  
  140  14:28  Missile Turret x2, SCV  
  146  14:37  Thor  
  152  14:41  Missile Turret  
  152  14:42  Missile Turret x2  
  152  14:43  Viking  
  152  14:44  Viking  
  156  14:49  Hellion x5, Thor  
  162  14:57  Terran Vehicle And Ship Armor Level 3  
  162  15:01  Siege Tank x2  
  168  15:09  Siege Tank  
  171  15:15  Viking x4  
  171  15:20  Siege Tank  
  182  15:34  Siege Tank  
  185  15:40  Terran Ship Weapons Level 1  
  179  15:45  Siege Tank  
  179  15:47  Hellion x2  
  179  15:48  Hellion  
  192  15:50  Hellion  
  192  15:52  Hellion x2  
  192  15:53  Liberator x2  
  199  16:13  Refinery  
  199  16:17  Refinery  
  198  16:22  Thor  
  192  16:28  Thor  
  192  16:30  Thor x2  
  192  16:32  Thor  
  197  16:36  Viking  
  197  16:37  Viking  
  165  16:44  Hellion x2  
  165  16:45  Hellion x2  
  165  16:47  Hellion x2  
  152  16:53  Viking x2  
  142  17:00  Command Center  
  140  17:06  Thor  
  140  17:08  Viking  
  140  17:11  Thor  
  140  17:12  Viking  
  148  17:19  Thor  
  154  17:25  Thor  
  152  17:37  Thor  
  152  17:39  Hellion x2  
  152  17:42  Hellion  
  152  17:43  Hellion  
  153  17:45  Hellion  
  154  17:52  Thor  
  157  18:06  Thor  
  163  18:17  Planetary Fortress  
  163  18:18  Sensor Tower  
  163  18:20  Thor  
  163  18:24  Refinery  
  163  18:27  Refinery, Thor  
  175  18:40  Thor  
  159  18:42  Hellion x2  
  159  18:45  Hellion  
  159  18:47  Hellion  
  135  18:52  Siege Tank  
  106  18:56  Hellion  
  98  19:07  Siege Tank  
  91  19:14  Hellion  
  93  19:17  Hellion  
  93  19:22  Siege Tank  
  98  19:30  Siege Tank  
  101  19:39  Siege Tank  
  101  19:41  Siege Tank  
  107  19:48  Hellion  
  109  19:54  Siege Tank  
  112  20:00  SCV  
  112  20:01  SCV x2  
  112  20:05  Planetary Fortress  
  115  20:20  Siege Tank x2  
  103  20:25  Siege Tank  
  84  20:36  Hellion  
  84  20:40  Hellion  
  84  20:42  SCV  
  89  20:45  SCV  
  89  20:46  SCV  
  89  20:49  SCV  
  92  20:50  SCV  
  96  21:01  Thor  
  96  21:03  Viking x2  
  100  21:07  Viking  
  100  21:10  Viking  
  104  21:18  Thor  
Tags
 
Add a new tag
Caveats
  • Supply blocks, unpowered buildings, or Contaminate may cause inaccurate times.
  • Supply counts are checked every 10 seconds.